 Dungeon Crawl Stone Soup version 0.20.1-1-g8b1a95d (webtiles) character file.

1365 polve the Transmogrifier (level 8, -5/62 HPs)
             Began as a Green Draconian Transmuter on Aug 8, 2017.
             Was an Initiate of Okawaru.
             Slain by a wight
             ... wielding a cursed +4 spear
              (11 damage)
             ... on level 6 of the Dungeon.
             The game lasted 00:11:55 (8560 turns).

polve the Transmogrifier (DrTm)                     Turns: 8560, Time: 00:11:56

Health: -5/62      AC:  7    Str: 13    XL:     8   Next: 38%
Magic:  10/11      EV: 11    Int: 15    God:    Okawaru [......]
Gold:   206        SH:  0    Dex: 12    Spells: 0/11 levels left

rFire    . . .     SeeInvis .     - Unarmed
rCold    . . .     Gourm    .   (no shield)
rNeg     . . .     Faith    .   (armour unavailable)
rPois    +         Spirit   .   (helmet restricted)
rElec    .         Reflect  .   j - +0 cloak
rCorr    .         Harm     .   (no gloves)
MR       .....                  (no boots)
Stlth    +.........             k - amulet of rage
Regen    0.2/turn               h - ring of flight
MPRegen  0.2/turn               (no ring)

@: appendage, drained
A: breathe noxious fumes, unfitting armour, horns 2, poison resistance,
cold-blooded, AC +6
a: Breathe Noxious Fumes, End Transformation, Renounce Religion, Evoke Berserk
Rage, Evoke Flight


You were on level 6 of the Dungeon.
You worshipped Okawaru.
Okawaru was noncommittal.
You were not hungry.
You had grown temporary horns.
You visited 2 branches of the dungeon, and saw 7 of its levels.

You collected 206 gold pieces.

Inventory:

Missiles
 a - 76 arrows (quivered)
Armour
 j - a +0 cloak (worn)
Jewellery
 h - a ring of flight (left hand)
 k - an amulet of rage (around neck)
Wands
 v - a wand of acid (6/15)
Scrolls
 d - 2 scrolls of immolation
 g - 2 scrolls of remove curse
 l - 2 scrolls of teleportation
 m - 3 scrolls of enchant armour
 n - a scroll of amnesia {unknown}
 r - 2 scrolls of identify
 s - 2 scrolls of fear
Potions
 e - a potion of lignification {unknown}
 i - 4 potions of ambrosia
 o - 2 potions of mutation
 q - a potion of invisibility {unknown}
 u - 2 potions of brilliance
 x - a potion of degeneration {unknown}
Books
 b - a book of Changes

   Spells                             Type                      Level
   a - Beastly Appendage              Transmutation                1
   b - Sticks to Snakes               Transmutation                2
   c - Spider Form                    Transmutation/Poison         3
   d - Ice Form                       Ice/Transmutation            4
   e - Blade Hands                    Transmutation                5
Comestibles
 c - 8 bread rations
 f - 7 meat rations
 p - a royal jelly


   Skills:
 + Level 2.4(1.5) Fighting
 - Level 1.7(0.9) Dodging
 + Level 3.6(2.7) Unarmed Combat
 - Level 2.0(1.1) Spellcasting
 - Level 10.0(8.9) Transmutations


You couldn't memorise any spells.
You knew the following spells:

 Your Spells              Type           Power        Failure   Level  Hunger
a - Beastly Appendage     Tmut           ####..       1%          1    ##.....
b - Sticks to Snakes      Tmut           ####....     1%          2    ###....
c - Spider Form           Tmut/Pois      ##........   12%         3    ####...
d - Blade Hands           Tmut           ####......   17%         5    ######.


Dungeon Overview and Level Annotations

Branches:
Dungeon (6/15)             Temple (1/1) D:5

Altars:
Cheibriados
Dithmenos
Elyvilon
Fedhas
Gozag
Hepliaklqana
Kikubaaqudgha
Makhleb
Nemelex Xobeh
Okawaru
Qazlal
Ru
Sif Muna
Trog
Uskayaw
Vehumet
Xom
Yredelemnul
Zin
The Shining One

Shops:
D:5 *


Innate Abilities, Weirdness & Mutations

You can breathe blasts of noxious fumes.
Your lurid green scales are hard. (AC +6)
You cannot fit into any form of body armour.
Your system is resistant to poisons. (rPois)
You are cold-blooded and may be slowed by cold attacks.
You have a pair of horns on your head.


Message History

You closely miss the wight.
The wight is lightly damaged.
The wight barely misses you. The wight completely misses you.
You hit the wight but do no damage.
The wight is lightly damaged.
The wight hits you from afar with a trident!
* * * LOW HITPOINT WARNING * * *
The wight hits you with an enchanted spear!
* * * LOW HITPOINT WARNING * * *
You feel drained.
* * * LOW HITPOINT WARNING * * *
You hit the wight. Your headbutt misses the wight.
You tail-slap the wight, but do no damage.
The wight is moderately damaged.
The wight hits you from afar with a trident.
* * * LOW HITPOINT WARNING * * *
You feel drained.
* * * LOW HITPOINT WARNING * * *
The wight hits you with an enchanted spear!
You die...

###......... ##..≈.....≈..#
.##.######## #.≈#≈..^###..#
....# #.≈≈#≈(≈^##≈.# #z###
#(^##...#^...# #.#
##..≈.^.....^.# #z#
#......_......# #.#
##########..≈.(≈.^^≈≈..# #.#
#........zz≈#≈#≈..#≈#^.#
#.####.#########@#^#≈§§#^^^.#
#.z........# #..#^...#^#..#
#..#######.# #(^....≈(≈^..#
#..# #.# #.####...##### #..#
####.#####.# ##..# #..#
#..........# #=.## #..#
#.....####.# #...## ...#
#.....# #.# #....#
...####.....####.# #....#


You could see 2 wights.

Vanquished Creatures
  The ghost of polve the Changer, an amateur DrTm (D:3)
  Edmund (D:5)
  2 ice beasts
  An ogre (D:6)
  A bullfrog (D:6)
  A wight (D:6)
  A howler monkey (D:6)
  3 crimson imps (D:5)
  A bullfrog zombie (D:5)
  A centaur skeleton (D:4)
  2 orc priests
  An iguana (D:4)
  2 orc wizards (D:5)
  3 worker ants
  A hound zombie (D:6)
  A worker ant zombie (D:5)
  Robin (D:3)
  A howler monkey skeleton (D:5)
  6 adders
  A shadow imp (D:5)
  2 oozes
  2 worms (D:2)
  3 dart slugs
  2 leopard geckos
  21 orcs
  4 ball pythons
  4 giant cockroaches
  18 goblins
  16 hobgoblins
  5 jackals
  4 kobolds
  A ball python skeleton (D:6)
  A ball python zombie (D:5)
  7 bats
  4 frilled lizards
  A jackal skeleton (D:5)
  7 rats
134 creatures vanquished.

Vanquished Creatures (collateral kills)
  A crimson imp (D:3)
  Crazy Yiuf (D:3)
  An adder (D:4)
  2 orcs (D:4)
5 creatures vanquished.

Grand Total: 139 creatures vanquished

Notes
Turn   | Place    | Note
-------+----------+-------------------------------------------
     0 | D:1      | polve the Draconian Transmuter began the quest for the Orb.
     0 | D:1      | Reached XP level 1. HP: 16/16 MP: 3/3
   161 | D:1      | Reached XP level 2. HP: 23/23 MP: 5/5
   198 | D:1      | Reached skill level 3 in Transmutations
   860 | D:1      | Reached XP level 3. HP: 27/28 MP: 6/6
  1238 | D:2      | Learned a level 2 spell: Sticks to Snakes
  1242 | D:2      | Learned a level 3 spell: Spider Form
  1860 | D:2      | Reached skill level 4 in Transmutations
  2331 | D:3      | Noticed polve's ghost (amateur DrTm)
  2408 | D:3      | Reached XP level 4. HP: 28/35 MP: 5/7
  2615 | D:3      | Killed polve's ghost
  2615 | D:3      | Reached skill level 6 in Transmutations
  2615 | D:3      | Reached XP level 5. HP: 18/40 MP: 5/8
  2615 | D:3      | Reached XP level 6. HP: 21/47 MP: 5/9
  2915 | D:3      | Found a bloodstained altar of Trog.
  2956 | D:3      | Found an opulent altar of Gozag.
  2957 | D:3      | Found a white marble altar of Elyvilon.
  2961 | D:3      | Found a deep blue altar of Sif Muna.
  3358 | D:3      | Noticed Robin
  3527 | D:3      | Killed Robin
  3720 | D:3      | Found a shimmering altar of Xom.
  3765 | D:3      | Found a runed door.
  3989 | D:3      | Found a burning altar of Makhleb.
  4179 | D:3      | Noticed Crazy Yiuf
  4194 | D:3      | Killed Crazy Yiuf
  4194 | D:3      | Reached skill level 7 in Transmutations
  4499 | D:4      | Found a sparkling altar of Nemelex Xobeh.
  4549 | D:4      | Noticed an ice beast
  4563 | D:4      | Killed an ice beast
  4820 | D:4      | Your scales start taking on a lurid green colour.
  4820 | D:4      | Reached XP level 7. HP: 48/52 MP: 4/10
  4820 | D:4      | Gained mutation: Your system is resistant to poisons. (rPois) [Green Draconian growth]
  5118 | D:4      | Reached skill level 8 in Transmutations
  5415 | D:5      | Entered Level 5 of the Dungeon
  5870 | D:5      | Found a basalt altar of Yredelemnul.
  6610 | D:5      | Found Zin's Purification Station.
  6612 | D:5      | Noticed Edmund
  6613 | D:5      | Found a glowing silver altar of Zin.
  6638 | D:5      | Killed Edmund
  6638 | D:5      | Reached skill level 9 in Transmutations
  6873 | D:5      | Found a staircase to the Ecumenical Temple.
  6917 | Temple   | Entered the Ecumenical Temple
  7394 | Temple   | Became a worshipper of Warmaster Okawaru
  7630 | D:5      | Reached XP level 8. HP: 55/59 MP: 11/11
  7723 | D:6      | Learned a level 5 spell: Blade Hands
  7723 | D:6      | Found a stormy altar of Qazlal.
  7762 | D:6      | HP: 2/59 [ice beast (13)]
  8185 | D:6      | Reached skill level 10 in Transmutations
  8560 | D:6      | Slain by a wight

Skill      XL: |  1  2  3  4  5  6  7  8 |
---------------+-------------------------+-----
Transmutations | 3 4 6 7 9 10 | 10.0
Fighting       | 2 |  2.4
Dodging        | |  1.7
Unarmed Combat | |  3.6
Spellcasting   | |  2.0

Action                   |  1- 3 |  4- 6 |  7- 9 || total
-------------------------+-------+-------+-------++-------
Melee: Unarmed           |   172 |   173 |   475 ||   820
       Tailslap          |    24 |    19 |    54 ||    97
       Kick              |     9 |    14 |    52 ||    75
       Punch             |     3 |     1 |     3 ||     7
       Headbutt          |     3 |     7 |    17 ||    27
 Cast: Beastly Appendage |    11 |    16 |    20 ||    47
       Sticks to Snakes  |       |     7 |     3 ||    10
       Spider Form       |       |     1 |     1 ||     2
 Abil: Breathe Noxious F |       |       |    10 ||    10
  Use: Scroll            |     4 |       |     6 ||    10
       Potion            |       |     2 |     1 ||     3
 Stab: Distracted        |       |     2 |     2 ||     4
       Sleeping          |       |     2 |       ||     2
       Invisible         |       |     1 |       ||     1
       Confused          |       |       |     3 ||     3
  Eat: Chunk             |     5 |     9 |    11 ||    25
       Royal jelly       |       |       |     2 ||     2
       Fruit             |       |       |     1 ||     1
Armor: Skin              |    66 |    58 |   144 ||   268
Dodge: Dodged            |   109 |    95 |   262 ||   466
